 Dungeon Crawl Stone Soup version 0.28-a0-750-g7c675f85b1 (webtiles) character file.

Game seed: 17452392153836834871

5 ytrimaz the Ducker (level 1, -1/16 HPs)
             Began as a Demonspawn Gladiator on Oct 29, 2021.
             Slain by a kobold (3 damage)
             ... on level 1 of the Dungeon.
             The game lasted 00:00:20 (72 turns).

ytrimaz the Ducker (Demonspawn Gladiator)             Turns: 72, Time: 00:00:21

Health: -1/16      AC:  4    Str: 14    XL:     1   Next: 66%
Magic:  1/1        EV: 12    Int:  9    God:
Gold:   0          SH:  0    Dex: 14    Spells: 0/0 levels left

rFire   . . .      SeeInvis .   a - +0 war axe
rCold   . . .      Faith    .   (no shield)
rNeg    . . .      Spirit   .   b - +0 leather armour
rPois   .          Reflect  .   c - +0 helmet
rElec   .          Harm     .   (no cloak)
rCorr   .          Rampage  .   (no gloves)
Will    .....                   (no boots)
Stlth   +.........              (no amulet)
HPRegen 0.05/turn               (no ring)
MPRegen 0.07/turn               (no ring)

@: no status effects
A: no striking features
a: no special abilities


You were on level 1 of the Dungeon.
You visited 1 branch of the dungeon, and saw 1 of its levels.

Inventory:

Hand Weapons
 a - a +0 war axe (weapon)
Missiles
 d - 3 throwing nets (quivered)
Armour
 b - a +0 leather armour (worn)
 c - a +0 helmet (worn)


   Skills:
 * Level 2.0 Fighting
 + Level 2.8 Axes
 - Level 1.7 Throwing
 * Level 0.2 Armour
 + Level 2.8 Dodging


You couldn't memorise any spells.
You didn't know any spells.
Your spell library was empty.

Dungeon Overview and Level Annotations

Branches:
Dungeon (1/15)

Altars:


Message History

You barely miss the quokka. The quokka closely misses you.
You hit the quokka.
The quokka is almost dead.
The quokka bites you but does no damage.
A hobgoblin opens the door.
The quokka closely misses you.
A hobgoblin comes into view.
You closely miss the quokka.
The quokka is severely wounded.
The quokka bites you but does no damage.
The quokka barely misses you.
The hobgoblin shouts!
The kobold hits you but does no damage.
The quokka bites you but does no damage.
The kobold hits you with a +0 whip.
A kobold comes into view. It is wielding a +0 dagger.
There is a stone staircase leading down here.
You closely miss the kobold. You closely miss the quokka.
The kobold shouts!
The quokka barely misses you. The kobold barely misses you.
The quokka closely misses you. The kobold hits you with a +0 whip.
An endoplasm comes into view.
You hit the kobold but do no damage. You miss the quokka.
You hit the bat but do no damage. You barely miss the hobgoblin.
The bat barely misses you. The hobgoblin hits you.
* * * LOW HITPOINT WARNING * * *
The quokka completely misses you. The kobold closely misses you.
The hobgoblin hits you.
* * * LOW HITPOINT WARNING * * *
The bat hits you but does no damage.
You barely miss the kobold. You hit the hobgoblin.
You hit the bat but do no damage. You hit the quokka.
You kill the quokka!
The bat closely misses you. The kobold closely misses you.
The hobgoblin hits you but does no damage.
You barely miss the kobold. You hit the bat. You hit the hobgoblin.
You kill the hobgoblin!
The bat hits you.
* * * LOW HITPOINT WARNING * * *
The kobold hits you with a +0 whip.
You die...

######### #........
#.....#
#######.....###
......K@†.KJ'..
.##########.b...###
............(..##
#####...######.#
#...# .# #...# ..
#...# .. #...# ...
#..†# ..#


You could see an endoplasm, a bat and 2 kobolds.

Vanquished Creatures
  An endoplasm (D:1)
  A giant cockroach (D:1)
  2 hobgoblins (D:1)
  A quokka (D:1)
5 creatures vanquished.

Notes
Turn   | Place    | Note
-------+----------+-------------------------------------------
     0 | D:1      | ytrimaz the Demonspawn Gladiator began the quest for the
                  | Orb.
     0 | D:1      | Reached XP level 1. HP: 16/16 MP: 1/1
    72 | D:1      | Slain by a kobold

Illustrated notes

Levels and vault maps discovered:
D:1:      lightli_arrival_quake, layout_basic

Action                   || total
-------------------------++-------
Melee: War axe           ||    11
Armor: Leather armour    ||     9
Dodge: Dodged            ||    13

Table legend: (Time is in decaauts)
 A = Elapsed time spent in this place.
 B = Non-inter-level travel time spent in this place.
 C = Inter-level travel time spent in this place.
 D = Time resting spent in this place.
 E = Time spent auto-exploring this place.
 F = Levels seen in this place.
 G = Mean time per level.
                   A        B        C        D        E       F      G
               +--------+--------+--------+--------+--------+-----+--------+
         Total |     75 |     75 |      0 |      0 |     40 |   1 |   75.0 |
       Dungeon |     75 |     75 |      0 |      0 |     40 |   1 |   75.0 |
               +--------+--------+--------+--------+--------+-----+--------+

Top non-repeatable levels by time:
     D:1: 75 daAuts
